 Dungeon Crawl Stone Soup version 0.20.1-1-g8b1a95d (webtiles) character file.

3199 jrook the Nimble (level 9, -6/65 HPs)
             Began as a Deep Dwarf Hunter on Sept 7, 2017.
             Was a Believer of Ru.
             Killed by divine providence
             ... invoked by an orc priest
              (9 damage)
             ... on level 8 of the Dungeon.
             The game lasted 00:40:42 (7133 turns).

jrook the Nimble (Deep Dwarf Hunter)                Turns: 7133, Time: 00:40:44

Health: -6/65      AC:  6    Str: 21    XL:     9   Next: 64%
Magic:  0/0        EV: 20    Int:  9    God:    Ru [**....]
Gold:   285        SH:  0    Dex: 16    Spells: 8/8 levels left

rFire    + . .     SeeInvis .   r - +5 dagger "Killer Klown's Bane" {venom, rPois rC+ Str+4}
rCold    + . .     Gourm    .   (no shield)
rNeg     . . .     Faith    .   B - +0 ring mail
rPois    +         Spirit   .   (no helmet)
rElec    .         Reflect  .   (no cloak)
rCorr    .         Harm     .   n - +0 pair of gloves
MR       +....                  (no boots)
Stlth    ++........             (no amulet)
Regen    0.0/turn               N - ring of protection from fire
MPRegen  0.1/turn               (no ring)

@: non-regenerating
A: damage resistance, heal wounds, blurry vision 1, dopey 1, frail 1, sense
surroundings 2, inability to use devices, MP-powered wands, no regeneration
a: Heal Wounds, Renounce Religion


You were on level 8 of the Dungeon.
You worshipped Ru.
Ru was pleased with you.
You were not hungry.

You visited 2 branches of the dungeon, and saw 9 of its levels.

You collected 285 gold pieces.

Inventory:

Hand Weapons
 a - a +2 hand crossbow
 b - a +0 short sword
 d - a +0 hand axe
 r - the +5 dagger "Killer Klown's Bane" (weapon) {venom, rPois rC+ Str+4}
   (You found it on level 4 of the Dungeon)

   It poisons the flesh of those it strikes.
   It affects your strength (+4).
   It protects you from cold.
   It protects you from poison.
 y - a +0 hunting sling
 A - a +0 shortbow
 J - a +1 mace of holy wrath
Missiles
 g - 13 tomahawks
 j - 110 stones (quivered)
 m - 12 bolts
 u - 6 curare-tipped needles
 w - 111 arrows
 x - a throwing net
 z - 7 javelins
 R - 21 sling bullets
Armour
 c - a +1 leather armour
 n - a +0 pair of gloves (worn)
 B - a +0 ring mail (worn)
 K - a +2 shield
Magical Staves
 I - an uncursed staff of conjuration
Jewellery
 N - a ring of protection from fire (left hand)
 U - an uncursed amulet of guardian spirit {unknown}
Wands
 D - a wand of digging (14/24)
 H - a wand of random effects (20/48)
 L - a wand of paralysis (17/24)
 P - a wand of confusion (24/48)
Scrolls
 h - 3 scrolls of amnesia
 i - a scroll of enchant armour
 k - 2 scrolls of teleportation
 q - 4 scrolls of remove curse
 v - 4 scrolls of identify
 C - a scroll of blinking {unknown}
 F - a scroll of fog {unknown}
 M - a scroll of brand weapon {unknown}
 Q - a scroll of magic mapping
 V - a scroll of vulnerability {unknown}
Potions
 e - 2 potions of magic {unknown}
 l - 2 potions of cancellation {unknown}
 p - a potion of haste {unknown}
 s - 2 potions of lignification
 E - 2 potions of degeneration {unknown}
Books
 O - a book of Maledictions

   Spells                             Type                      Level
   a - Corona                         Hexes                        1
   b - Ensorcelled Hibernation        Hexes/Ice                    2
   c - Confuse                        Hexes                        3
   d - Tukima's Dance                 Hexes                        3
   e - Dazzling Spray                 Conjuration/Hexes            3
Comestibles
 f - 3 bread rations
 o - 6 fruits
 t - 2 royal jellies
 G - a meat ration
 S - 4 chunks of flesh


   Skills:
 - Level 1.7 Fighting
 - Level 7.0 Crossbows
 * Level 13.1 Dodging
 - Level 4.0 Stealth


You had 8 spell levels left.
You didn't know any spells.

Dungeon Overview and Level Annotations

Branches:
Dungeon (8/15)             Temple (1/1) D:4
   Lair: D:8-11

Altars:
Ashenzari
Cheibriados
Dithmenos
Elyvilon
Fedhas
Gozag
Hepliaklqana
Kikubaaqudgha
Makhleb
Nemelex Xobeh
Okawaru
Ru
Sif Muna
Trog
Uskayaw
Vehumet
Xom
Yredelemnul
Zin
The Shining One

Shops:
D:6 [   D:7 *=


Innate Abilities, Weirdness & Mutations

You are resistant to damage.
You can heal yourself by infusing magical energy.
You passively map the area around you.
You cannot study or use magical devices.
You do not regenerate.
Scrolls take you a little longer to read.
You are dopey. (Int -2)
You are frail. (-10% HP)
You expend magic power (3 MP) to strengthen your wands.


Message History

You climb downwards.
A centaur and a crimson imp come into view.
There is a stone staircase leading up here.
The helpless crimson imp fails to defend itself.
You impale the crimson imp!!
You kill the crimson imp!
An orc comes into view. It is wielding a hand axe.
An orc priest comes into view. It is wielding a flail.
Found 7 gold pieces.
The helpless centaur fails to defend itself.
You impale the centaur!!
The centaur is almost dead.
The centaur hits you. The centaur completely misses you.
Your ring mail prevents you from hitting the centaur.
The centaur is almost dead.
The orc shouts!
The centaur closely misses you.
The orc priest calls down the wrath of Beogh upon you.
Beogh smites you!
You die...

,, ,, , , , , **
* ,, , ,**#### ,
, ..# ,* * * #.#
,* * #.### , *
#<..#### #.. , ,
###....###.....,
, * , ####.@c..#
* * #...##....
,* * #....#*,* #
* ,, * #.##... ,
, , , * * ..
#..., ,, *, *
..# *.#.., * ..#
**,.##o, , *
..#* .$ o., * ,
, ,* ,,


You could see a centaur, an orc priest and an orc.

Vanquished Creatures
  The ghost of 0gre the Cudgeler, a novice MiBe of Trog (D:5)
  Joseph (D:7)
  A water moccasin (D:6)
  2 orc warriors (D:6)
  2 sky beasts (D:6)
  A phantom (D:4)
  4 ogres
  2 centaurs
  A bullfrog (D:6)
  A gnoll sergeant (D:6)
  A wyvern skeleton (D:7)
  2 scorpions
  4 killer bees (D:7)
  A howler monkey (D:5)
  4 crimson imps
  A quasit (D:6)
  5 hounds
  4 orc priests
  5 orc wizards
  A centaur skeleton (D:5)
  2 worker ants
  A hound zombie (D:6)
  3 gnolls (D:6)
  2 worker ant zombies (D:5)
  A howler monkey skeleton (D:6)
  8 adders
  2 shadow imps
  2 worms (D:2)
  A dart slug (D:1)
  7 leopard geckos
  21 orcs
  9 bats
  7 giant cockroaches
  7 goblins
  7 hobgoblins
  3 jackals (D:7)
  8 kobolds
  5 quokkas
  A ball python (D:1)
  7 frilled lizards
  A leopard gecko skeleton (D:4)
  A quokka skeleton (D:5)
  A quokka zombie (D:6)
  7 rats
158 creatures vanquished.

Vanquished Creatures (others)
  An orc wizard (D:6)
1 creature vanquished.

Grand Total: 159 creatures vanquished

Notes
Turn   | Place    | Note
-------+----------+-------------------------------------------
     0 | D:1      | jrook the Deep Dwarf Hunter began the quest for the Orb.
     0 | D:1      | Reached XP level 1. HP: 19/19 MP: 1/1
   622 | D:1      | Reached XP level 2. HP: 19/26 MP: 2/2
   680 | D:1      | Reached skill level 5 in Crossbows
  1187 | D:1      | Reached XP level 3. HP: 32/32 MP: 2/2
  1709 | D:2      | Found a snail-covered altar of Cheibriados.
  1722 | D:2      | Became a worshipper of Cheibriados the Contemplative
  2089 | D:2      | Reached XP level 4. HP: 36/39 MP: 3/3
  2219 | D:3      | Found a burning altar of Makhleb.
  2430 | D:3      | Found a bloodstained altar of Trog.
  2430 | D:3      | Found an opulent altar of Gozag.
  2515 | D:3      | Reached * piety under Cheibriados
  2841 | D:4      | Found a staircase to the Ecumenical Temple.
  2847 | Temple   | Entered the Ecumenical Temple
  3033 | Temple   | Fell from the grace of Cheibriados
  3033 | Temple   | Became a worshipper of Ru the Awakened
  3131 | D:4      | Reached XP level 5. HP: 37/45 MP: 2/2
  3290 | D:4      | Noticed an ogre
  3311 | D:4      | Killed an ogre
  3311 | D:4      | Reached skill level 3 in Dodging
  3473 | D:4      | Got a scorched dagger
  3474 | D:4      | Identified the +5 dagger "Killer Klown's Bane" {venom, rPois rC+ Str+4} (You found it on level 4 of the Dungeon)
  3682 | D:4      | Found a blossoming altar of Fedhas.
  3708 | D:4      | Noticed a centaur
  3719 | D:4      | Killed a centaur
  3719 | D:4      | Reached skill level 4 in Dodging
  3719 | D:4      | Reached XP level 6. HP: 41/52 MP: 2/2
  4119 | D:4      | Found a shadowy altar of Dithmenos.
  4207 | D:5      | Entered Level 5 of the Dungeon
  4227 | D:5      | Reached skill level 5 in Dodging
  4332 | D:5      | Noticed 0gre's ghost (novice MiBe)
  4348 | D:5      | Reached XP level 7. HP: 51/58 MP: 3/3
  4405 | D:5      | Reached skill level 6 in Dodging
  4564 | D:5      | Reached skill level 7 in Dodging
  4660 | D:5      | Gained mutation: You cannot study or use magical devices. [Ru sacrifice]
  4660 | D:5      | Reached * piety under Ru
  4660 | D:5      | Reached ** piety under Ru
  4859 | D:5      | Reached skill level 8 in Dodging
  5076 | D:5      | Killed 0gre's ghost
  5076 | D:5      | Reached skill level 9 in Dodging
  5076 | D:5      | Reached XP level 8. HP: 25/66 MP: 3/3
  5568 | D:6      | Reached skill level 10 in Dodging
  5805 | D:6      | Reached skill level 11 in Dodging
  5856 | D:6      | Gained mutation: You passively map the area around you. [Deep Dwarf growth]
  5856 | D:6      | Reached XP level 9. HP: 27/73 MP: 1/1
  6207 | D:6      | Found Zoipn's Antique Armour Boutique.
  6220 | D:6      | Gained mutation: Your muscles are strong. (Str +2) [mutagenic glow]
  6255 | D:6      | Gained mutation: Scrolls take you a little longer to read. [mutagenic glow]
  6277 | D:6      | Reached skill level 12 in Dodging
  6282 | D:6      | Gained mutation: You expend magic power (3 MP) to strengthen your wands. [mutagenic glow]
  6303 | D:6      | Gained mutation: You are dopey. (Int -2) [mutagenic glow]
  6338 | D:6      | Gained mutation: You are frail. (-10% HP) [mutagenic glow]
  6359 | D:6      | Lost mutation: Your muscles are strong. (Str +2) [mutagenic glow]
  6401 | D:6      | Was forgiven by Cheibriados
  6402 | D:6      | Noticed a soul eater
  6491 | D:7      | Found Nufrerao's Jewellery Emporium.
  6501 | D:7      | Noticed Joseph
  6523 | D:7      | Killed Joseph
  6707 | D:7      | Found Batiut's General Store.
  7042 | D:7      | Reached skill level 13 in Dodging
  7113 | D:7      | HP: 3/65 [orc priest/flail (2)]
  7133 | D:8      | Killed from afar by an orc priest

Skill      XL: |  1  2  3  4  5  6  7  8  9 |
---------------+----------------------------+-----
Crossbows      | 5 6 7 |  7.0
Dodging        | 4 5 9 11 13 | 13.1
Stealth        | 3 4 |  4.0
Fighting       | |  1.7

Action                   |  1- 3 |  4- 6 |  7- 9 || total
-------------------------+-------+-------+-------++-------
Melee: Short sword       |    13 |    16 |       ||    29
       Dagger            |       |    63 |   364 ||   427
 Fire: Hand crossbow     |    94 |    10 |       ||   104
       Hunting sling     |       |   104 |       ||   104
       Shortbow          |       |    15 |    48 ||    63
Throw: Stone             |     2 |     3 |       ||     5
       Tomahawk          |       |    13 |       ||    13
       Throwing net      |       |     1 |       ||     1
Invok: Bend Time         |       |     1 |       ||     1
       Sacrifice Artific |       |       |     1 ||     1
 Abil: Heal Wounds       |     3 |    11 |    20 ||    34
  Use: Potion            |     1 |       |     4 ||     5
       Scroll            |       |    11 |     1 ||    12
 Stab: Sleeping          |       |       |     3 ||     3
  Eat: Chunk             |     4 |     7 |     4 ||    15
       Bread ration      |       |       |     2 ||     2
Armor: Leather armour    |     8 |    22 |       ||    30
       Ring mail         |       |    13 |    87 ||   100
Dodge: Dodged            |    30 |    99 |   396 ||   525
